 Dungeon Crawl Stone Soup version 0.32-a0-468-g38b2580584 (webtiles) character file.

Game seed: 9207194681144461138

87 cforsyth the Ducker (level 4, -3/31 HPs)
             Began as a Coglin Gladiator on Feb 25, 2024.
             Was a Believer of Hepliaklqana.
             Killed by nerve-wracking pain
             ... invoked by Grinder
              (10 damage)
             ... on level 3 of the Dungeon.
             The game lasted 00:01:53 (2187 turns).

cforsyth the Ducker (Coglin Gladiator)              Turns: 2187, Time: 00:01:53

Health: -3/31      AC:  9    Str: 17    XL:     4   Next: 51%
Magic:  4/4        EV:  8    Int:  7    God:    Hepliaklqana [**....]
Gold:   108        SH:  0    Dex: 15    Spells: 3/3 levels left

rFire   . . .        a - +0 war axe {Bangon}
rCold   . . .        (no shield)
rNeg    . . .        o - +0 chain mail
rPois   .            c - +0 helmet
rElec   .            (no cloak)
rCorr   .            (no gloves)
SInv    .            (no boots)
Will    .....        (no amulet) Stlth
                     (ring unavailable)
HPRegen 0.25/turn    (ring unavailable)
MPRegen 0.09/turn

%: no passive effects
@: revved
A: reduced essence, off-hand wielding, slow wielding, warmup strikes, no rings
a: Renounce Religion, Recall Ancestor, Ancestor Identity


You were on level 3 of the Dungeon.
You worshipped Hepliaklqana.
Hepliaklqana was pleased with you.
You visited 1 branch of the dungeon, and saw 3 of its levels.

You collected 108 gold pieces.


Innate Abilities, Weirdness & Mutations

Your life essence is reduced to manifest your ancestor. (-10% HP)
You can wield a second weapon in your off-hand.
It takes a long time for you to wield or remove held weapons.
Your first few attacks do less damage.
Your grasper-arms cannot wear rings.


   Skills:
 + Level 3.5 Fighting
 - Level 3.0 Axes
 - Level 1.7 Throwing
 + Level 3.8 Dodging


You had 3 spell levels left.
You didn't know any spells.
Your spell library contained the following spells:

 Spells                   Type           Power      Damage    Failure   Level
 Magic Dart               Conj           0%         1d3       99%         1
 Blink                    Tloc           0%         N/A       100%        2
 Call Imp                 Summ           0%         N/A       100%        2

Inventory:

Hand Weapons
 a - a +0 war axe (weapon) {Bangon}
Missiles
 d - 3 throwing nets (quivered) {=f}
 e - a javelin
Armour
 b - a +0 leather armour
 c - a +0 helmet (worn)
 o - a +0 chain mail (worn)
Scrolls
 h - 3 scrolls of identify {unknown}
 j - 2 scrolls of teleportation {unknown}
 k - 3 scrolls of poison {unknown}
 l - a scroll of enchant armour {unknown}
Potions
 f - a potion of lignification {unknown}
 g - a potion of haste {unknown}
 i - a potion of berserk rage {unknown}
 m - 3 potions of curing {unknown}
 n - a potion of degeneration {unknown}

Dungeon Overview and Level Annotations

Branches:
Dungeon (3/15)

Altars:
Hepliaklqana
The Shining One

Annotations:
D:3 Grinder

##.....
>......#####
...........#
#..........#
.....#.....##
............##
.......(5....#
..>....@R....#
..........)..#
........<....#
.............#
............##
.....#.....##
.###########


You could see the friendly Gahit the battlemage (paralysed) and Grinder (ally
target).


Message History

* * * LOW HITPOINT WARNING * * *
The dart slug launches a dart at you. The slug dart hits you.
* * * LOW HITPOINT WARNING * * *
Grinder hits you but does no damage.
You can move again.
Unknown command.
Unknown command.
You hit Grinder.
Grinder is severely wounded.
You hit the dart slug.
You kill the dart slug!
Grinder hits you but does no damage.
Unknown command.
Unknown command.
You completely miss Grinder.
Grinder is severely wounded.
Grinder hits you but does no damage. Grinder hits you.
* * * LOW HITPOINT WARNING * * *
You writhe in agony.
* * * LOW HITPOINT WARNING * * *
Unknown command.
Unknown command.
You closely miss Grinder.
Grinder is heavily wounded.
Grinder gestures at you. Pain shoots through your body!
You die...
Grinder says, "Hey, I wasn't done torturing you yet!"
Hepliaklqana delivers you to your ancestors.

Skill      XL: |  1  2  3 |
---------------+----------+-----
Dodging        | 3 |  3.8
Fighting       | 3 |  3.5
Axes           | |  3.0
Throwing       | |  1.7

Action                     |  1- 3 |  4- 6 || total
---------------------------+-------+-------++-------
  Melee: War axe           |    85 |     9 ||    94
 Invoke: Ancestor Life: Ba |     1 |       ||     1
   Stab: Sleeping          |     1 |       ||     1
 Armour: Leather armour    |    52 |     3 ||    55
         Chain mail        |       |    13 ||    13
  Dodge: Dodged            |    53 |     2 ||    55

Levels and vault maps discovered:
D:1:      kennysheep_arrival_seaside, layout_loops_ring,
          hellmonk_ecumenical_altar_dog_temple
D:2:      layout_basic, basic_altar, item_on_display_a, uniq_terence
D:3:      layout_rooms, uniq_jessica, uniq_grinder

Notes
Turn   | Place    | Note
-------+----------+-------------------------------------------
     0 | D:1      | cforsyth the Coglin Gladiator began the quest for the Orb.
     0 | D:1      | Reached XP level 1. HP: 16/16 MP: 1/1
   205 | D:1      | Reached XP level 2. HP: 23/23 MP: 2/2
   206 | D:1      | Reached skill level 3 in Dodging
   384 | D:1      | Found a faded altar of an unknown god.
   579 | D:1      | Prayed at the altar of an unknown god.
   579 | D:1      | Became a worshipper of Hepliaklqana the Forgotten
   579 | D:1      | Reached * piety under Hepliaklqana
   685 | D:1      | Reached XP level 3. HP: 18/25 MP: 3/3
  1148 | D:2      | Found a glowing golden altar of the Shining One.
  1178 | D:2      | Reached skill level 3 in Fighting
  1705 | D:2      | Reached ** piety under Hepliaklqana
  1706 | D:2      | Remembered your ancestor Gahit as a battlemage
  1967 | D:2      | Noticed Terence
  1974 | D:2      | Killed Terence
  1975 | D:2      | Reached XP level 4. HP: 15/31 MP: 4/4
  2167 | D:3      | Noticed Grinder
  2182 | D:3      | Paralysed by Grinder for 3 turns
  2187 | D:3      | Killed from afar by Grinder

Vanquished Creatures
  An adder (D:2)
  3 dart slugs
  A ribbon worm (D:2)
  2 bats (D:2)
  3 endoplasms (D:1)
  A giant cockroach (D:2)
  3 goblins
  3 hobgoblins
  7 jackals (D:1)
  4 kobolds
  2 quokkas (D:2)
  3 ball pythons (D:1)
  A frilled lizard (D:2)
  3 rats
37 creatures vanquished.

Vanquished Creatures (collateral kills)
  Terence (D:2)
  An orc (D:3)
  A ball python (D:3)
  A kobold (D:2)
4 creatures vanquished.

Grand Total: 41 creatures vanquished

Table legend: (Time is in decaauts)
 A = Elapsed time spent in this place.
 B = Non-inter-level travel time spent in this place.
 C = Inter-level travel time spent in this place.
 D = Time resting spent in this place.
 E = Time spent auto-exploring this place.
 F = Levels seen in this place.
 G = Mean time per level.
                   A        B        C        D        E       F      G
               +--------+--------+--------+--------+--------+-----+--------+
         Total |   2222 |   2077 |    145 |      0 |   1765 |   3 |  740.7 |
       Dungeon |   2222 |   2077 |    145 |      0 |   1765 |   3 |  740.7 |
               +--------+--------+--------+--------+--------+-----+--------+

Top non-repeatable levels by time:
     D:2: 1163 daAuts
     D:1: 1037 daAuts
     D:3: 21 daAuts

Table legend:
 A = Non-vault XP
 B = Vault XP
 C = Vault XP percentage of total XP
 D = Non-vault monster count
 E = Vault monster count
 F = Vault count percentage of total count
                 A         B        C        D         E       F
            +---------+---------+-------+---------+---------+-------
      Total |      81 |      44 |  35.2 |      36 |       5 |  12.2
            +---------+---------+-------+---------+---------+-------
        D:1 |      27 |       8 |  22.9 |      17 |       4 |  19.0
        D:2 |      43 |      36 |  45.6 |      15 |       1 |   6.2
        D:3 |      11 |       0 |   0.0 |       4 |       0 |   0.0
            +---------+---------+-------+---------+---------+-------
